 Dungeon Crawl Stone Soup version 0.28.0 (webtiles) character file.

Game seed: 15995694309977640457

92 browni3141 the Chopper (level 4, -3/41 HPs)
             Began as a Minotaur Berserker on Feb 17, 2022.
             Was a Believer of Trog.
             Slain by an ogre (17 damage)
             ... on level 3 of the Dungeon.
             The game lasted 00:01:18 (2360 turns).

browni3141 the Chopper (Minotaur Berserker)         Turns: 2360, Time: 00:01:19

Health: -3/41      AC:  9    Str: 24    XL:     4   Next: 35%
Magic:  3/3        EV:  8    Int:  4    God:    Trog [**....]
Gold:   49         SH:  0    Dex:  9    Spells: 3/3 levels left

rFire   . . .      SeeInvis .   a - +0 hand axe
rCold   . . .      Faith    .   (no shield)
rNeg    . . .      Spirit   .   h - +0 chain mail
rPois   .          Reflect  .   (helmet restricted)
rElec   .          Harm     .   (no cloak)
rCorr   .          Rampage  .   (no gloves)
Will    .....                   (no boots)
Stlth   ..........              (no amulet)
HPRegen 0.13/turn               (no ring)
MPRegen 0.08/turn               (no ring)

@: no status effects
A: horns 2, retaliatory headbutt
a: Renounce Religion, Berserk, Trog's Hand


You were on level 3 of the Dungeon.
You worshipped Trog.
Trog was pleased with you.
You visited 1 branch of the dungeon, and saw 3 of its levels.

You collected 77 gold pieces.
You spent 28 gold pieces at shops.


Innate Abilities, Weirdness & Mutations

You have a pair of horns on your head.
You reflexively headbutt those who attack you in melee.


   Skills:
 + Level 4.4 Fighting
 * Level 5.2 Axes
 + Level 3.4 Armour
 - Level 2.2 Dodging


You had 3 spell levels left.
You didn't know any spells.
Your spell library was empty.

Inventory:

Hand Weapons
 a - a +0 hand axe (weapon)
Armour
 b - a +0 animal skin
 h - a +0 chain mail (worn)
Wands
 n - a wand of iceblast (4)
Scrolls
 f - a scroll of torment {unknown}
 g - 3 scrolls of enchant armour {unknown}
 i - a scroll of blinking {@r3}
 j - a scroll of fear
 k - a scroll of fog {unknown}
 m - a scroll of identify {@r1}
Potions
 c - 3 potions of curing {unknown}
 d - 2 potions of heal wounds {unknown}
 e - a potion of haste {unknown}
 l - 2 potions of resistance {unknown}

Dungeon Overview and Level Annotations

Branches:
Dungeon (3/15)

Altars:

Shops:
D:2 ( D:3

? #.##..## #.##### ## #.##..8#...
#...# # ¦# #.##..## .. ##...###
¦# #.##..# .. #8...8#. .#
#.##..## #. ##...##. .# #.##..8#
#. #)..##. ### #.##..## #.##
##...### ..####.....# #O)#
#8...8# ....###.#### #@# ###
####...### .##.###.#
#.###8###8##...##8 .##..##.#
#................. ..##)##.#
##...........⌠....
#.##.##.####### #................
.......÷[.....# ##.#8###8##...##8
........#####.####.########...###
##.###.## #..>......# #8...8#
##.# #..###########.#....##...##


You could see an ogre.


Message History

The ogre shouts!
There are monsters nearby!
You closely miss the kobold. The kobold hits you but does no damage.
There are monsters nearby!
You closely miss the kobold. The kobold hits you but does no damage.
You slash the ogre!
You headbutt the ogre, but do no damage.
The ogre is moderately wounded.
You hit the kobold but do no damage. The kobold hits you but does no damage.
The ogre hits you with a +0 giant club!!
Ouch! That really hurt!
* * * LOW HITPOINT WARNING * * *
There are monsters nearby!
You hit the ogre. You headbutt the ogre.
The ogre is heavily wounded.
You hit the kobold.
You kill the kobold!
Trog accepts your kill. The ogre barely misses you.
An ogre is nearby!
You barely miss the ogre.
The ogre is heavily wounded.
An ogre is nearby!
You barely miss the ogre.
The ogre is heavily wounded.
The ogre closely misses you.
You barely miss the ogre.
The ogre is heavily wounded.
The ogre hits you with a +0 giant club!
You die...

Skill      XL: |  1  2  3  4 |
---------------+-------------+-----
Axes           | 4 5 |  5.2
Fighting       | 4 |  4.4
Armour         | 3 |  3.4
Dodging        | |  2.2

Action                   |  1- 3 |  4- 6 || total
-------------------------+-------+-------++-------
Melee: Hand axe          |    88 |    29 ||   117
       Headbutt          |     9 |     4 ||    13
       Punch             |     2 |     1 ||     3
  Use: Scroll            |       |     2 ||     2
Armor: Animal skin       |    16 |       ||    16
       Chain mail        |     4 |    22 ||    26
Dodge: Dodged            |    60 |    12 ||    72

Levels and vault maps discovered:
D:1:      sevenhm_arrival_forest_fort_large_4, layout_basic
D:2:      layout_basic, serial_shops, nicolae_shop_competitors_out_of_business
D:3:      layout_rooms, serial_corexii_hall, corexii_hall_statues_x,
          chequers_hall_statues_wall_a, nicolae_ecumenical_pavilion,
          serial_shops, nicolae_square_shop, minmay_joined_circles

Notes
Turn   | Place    | Note
-------+----------+-------------------------------------------
     0 | D:1      | browni3141 the Minotaur Berserker began the quest for the
                  | Orb.
     0 | D:1      | Reached XP level 1. HP: 19/19 MP: 0/0
   225 | D:1      | Reached skill level 4 in Axes
   225 | D:1      | Reached XP level 2. HP: 19/27 MP: 1/1
   462 | D:1      | Reached skill level 4 in Fighting
   758 | D:1      | Reached XP level 3. HP: 33/33 MP: 2/2
   790 | D:1      | Reached skill level 3 in Armour
   833 | D:1      | Reached ** piety under Trog
  1108 | D:2      | Found Maucorha's Antique Weapon Boutique.
  1868 | D:3      | Found a faded altar of an unknown god.
  1878 | D:3      | Reached XP level 4. HP: 40/40 MP: 3/3
  1884 | D:3      | Reached skill level 5 in Axes
  1896 | D:3      | Found Huurad's Magic Scroll Shop.
  1904 | D:3      | Bought a scroll of identify for 28 gold pieces
  1988 | D:3      | Identified the +0 chain mail of Mysticism {-Cast Fly Str+6
                  | Slay-6}
  2352 | D:3      | Noticed an ogre
  2360 | D:3      | Slain by an ogre

Vanquished Creatures
  2 adders
  A worm (D:2)
  2 dart slugs
  An orc (D:3)
  5 ball pythons
  9 endoplasms
  3 giant cockroaches (D:1)
  5 goblins
  7 hobgoblins
  5 quokkas
  7 bats
  4 frilled lizards
  4 kobolds
  5 rats
60 creatures vanquished.

Table legend: (Time is in decaauts)
 A = Elapsed time spent in this place.
 B = Non-inter-level travel time spent in this place.
 C = Inter-level travel time spent in this place.
 D = Time resting spent in this place.
 E = Time spent auto-exploring this place.
 F = Levels seen in this place.
 G = Mean time per level.
                   A        B        C        D        E       F      G
               +--------+--------+--------+--------+--------+-----+--------+
         Total |   2368 |   2323 |     45 |      0 |   1958 |   3 |  789.3 |
       Dungeon |   2368 |   2323 |     45 |      0 |   1958 |   3 |  789.3 |
               +--------+--------+--------+--------+--------+-----+--------+

Top non-repeatable levels by time:
     D:1: 1111 daAuts
     D:2: 764 daAuts
     D:3: 493 daAuts

Table legend:
 A = Non-vault XP
 B = Vault XP
 C = Vault XP percentage of total XP
 D = Non-vault monster count
 E = Vault monster count
 F = Vault count percentage of total count
                 A         B        C        D         E       F
            +---------+---------+-------+---------+---------+-------
      Total |     132 |       0 |   0.0 |      60 |       0 |   0.0
            +---------+---------+-------+---------+---------+-------
        D:1 |      51 |       0 |   0.0 |      28 |       0 |   0.0
        D:2 |      45 |       0 |   0.0 |      16 |       0 |   0.0
        D:3 |      36 |       0 |   0.0 |      16 |       0 |   0.0
            +---------+---------+-------+---------+---------+-------
